 Dungeon Crawl Stone Soup version 0.31-a0-818-ge7c7cf74f0 (webtiles) character file.

Game seed: 13185512567342981613

1392 Kurtz the Cleaver (level 8, 0/54 HPs)
             Began as an Octopode Fighter on Sept 23, 2023.
             Was a Believer of Okawaru.
             Slain by a troll (5 damage)
             ... on level 6 of the Dungeon.
             The game lasted 00:08:20 (4831 turns).

Kurtz the Cleaver (Octopode Fighter)                Turns: 4831, Time: 00:08:21

Health: 0/54       AC:  1    Str: 21    XL:     8   Next: 68%
Magic:  1/3        EV: 16    Int: 11    God:    Okawaru [**....]
Gold:   327        SH:  6    Dex: 13    Spells: 7/7 levels left

rFire   . . .        q - +3 mace (antimagic)
rCold   . . .        b - +0 buckler
rNeg    . . .        (helmet restricted)
rPois   .            y - amulet of the acrobat
rElec   .            r - +6 ring of strength
rCorr   .            l - ring of willpower
SInv    .            (no ring)
Will    +....        (no ring)
Stlth   ++++         (no ring)
HPRegen 0.29/turn    (no ring)
MPRegen 0.08/turn    (no ring)
                     (no ring)

%: acrobat
@: heroic
A: almost no armour, amphibious, 8 rings, camouflage 1, gelatinous body 1,
(nimble swimmer 1), tentacles
a: Renounce Religion, Heroism


You were on level 6 of the Dungeon.
You worshipped Okawaru.
Okawaru was pleased with you.
You visited 1 branch of the dungeon, and saw 6 of its levels.

You collected 327 gold pieces.

Inventory:

Hand Weapons
 a - a +0 war axe
 q - a +3 antimagic mace (weapon)
Missiles
 n - 5 javelins
 v - 6 poisoned darts (quivered)
 z - 2 atropa-tipped darts
Armour
 b - a +0 buckler (worn)
Jewellery
 l - a ring of willpower (right tentacle)
 r - a +6 ring of strength (left tentacle)
 y - an amulet of the acrobat (around mantle)
Wands
 p - a wand of flame (9)
 w - a wand of digging (4)
Scrolls
 c - 2 scrolls of enchant armour
 f - 2 scrolls of fear
 g - 3 scrolls of teleportation
 o - a scroll of silence
 s - a scroll of enchant weapon
 t - a scroll of fog {unknown}
 u - a scroll of revelation {unknown}
Potions
 d - a potion of curing
 e - a potion of attraction {unknown}
 h - 2 potions of berserk rage {unknown}
 i - 2 potions of lignification {unknown}
 j - 3 potions of degeneration {unknown}
 k - a potion of mutation {unknown}
 m - a potion of haste {unknown}


   Skills:
 * Level 3.7(8.7) Fighting
 * Level 9.6(14.6) Axes
 * Level 3.8(8.8) Dodging
 - Level 3.0(8.0) Shields
 * Level 3.0 Invocations


You had 7 spell levels left.
You didn't know any spells.
Your spell library contained the following spells:

 Spells                   Type           Power      Damage    Failure   Level
 Slow                     Hex            0%         N/A       38%         1
 Cigotuvi's Dreadful Rot  Necr/Pois/Air  0%         N/A       54%         2
 Confusing Touch          Hex            0%         N/A       77%         3
 Dazzling Flash           Conj/Hex       0%         N/A       77%         3
 Gell's Gravitas          Tloc           0%         N/A       77%         3
 Sigil of Binding         Hex            0%         N/A       77%         3
 Teleport Other           Tloc           0%         N/A       77%         3
 Vampiric Draining        Necr           0%         2d6       77%         3
 Volatile Blastmotes      Fire/Tloc      0%         2d10      77%         3
 Dimensional Bullseye     Hex/Tloc       0%         N/A       99%         4
 Dispel Undead            Necr           0%         3d6       99%         4
 Iskenderun's Mystic Bla  Conj/Tloc      0%         2d3       99%         4
 Passage of Golubria      Tloc           0%         N/A       99%         4
 Yara's Violent Unravell  Hex/Tmut       0%         3d3       100%        5
 Dispersal                Tloc           0%         N/A       100%        6
 Starburst                Conj/Fire      0%         6d3       100%        6
 Maxwell's Capacitive Co  Air            0%         ∞         100%        8
 Tukima's Dance           Hex            Unusable   N/A       N/A         3
 Death Channel            Necr           Unusable   N/A       N/A         6

Dungeon Overview and Level Annotations

Branches:
Dungeon (6/15)             Temple (0/1) D:4

Altars:
Ashenzari
Cheibriados
Okawaru
Sif Muna

Shops:
D:4 =

Annotations:
D:5 exclusion: downstairs


Innate Abilities, Weirdness & Mutations

You cannot wear most types of armour.
You are amphibious.
You can wear up to eight rings at the same time.
Your skin changes colour to match your surroundings (Stealth+).
Your rubbery body absorbs attacks. (AC +1, EV +1)
((You are camouflaged when in or above water. (Stealth+)))
You have tentacles for arms and can constrict up to eight enemies at once.


Message History

a +0 whip; a +0 leather armour The orc hits you but does no damage.
You closely miss the orc. You grab the orc. You constrict the orc.
The orc closely misses you.
You sock the orc!
You kill the orc!
Okawaru accepts your kill.
No target in view!
There is an open door here.
Things that are here:
a +0 whip; a +0 leather armour
Things that are here:
a +0 whip; an orc corpse You pick up a book of Decay and begin reading...
You add the spells Cigotuvi's Dreadful Rot and Dispel Undead to your library.
u - a scroll labelled LESIOZXANKEDGH
Things that are here:
a +0 whip; an orc skeleton An adder comes into view.
You hear the hiss of an avalanche of sand nearby.
The adder moves out of view.
The troll shouts!
The adder hisses angrily.
You gain the combat prowess of a mighty hero.
You swing at nothing.
You hit the troll but do no damage. The troll barely misses you.
You block the troll's attack. x2
You hit the troll.
The troll is lightly wounded.
The troll bites you! You block the troll's attack. The troll claws you!
You barely miss the adder. Your grab misses the adder.
Your squeeze misses the adder. You block the adder's attack.
The troll barely misses you. You block the troll's attack. The troll claws you!
The adder barely misses you.
Unknown command.
You sock the troll! You squeeze the troll!
The troll is heavily wounded.
You block the troll's attack. The troll claws you!
* * * LOW HITPOINT WARNING * * *
The troll claws you.
You die...

####+# #....# ..##....#####
........##..# ... #..
............# ... #..# ..
.........TS.##....# #..##..
..##....##@.##....###..##..
. #######<)##.....#...##..
#...)......#....#..
#.<........#....#..
##..##.....#....#..
##..##.)...#....'..
#...##...###)..##..
#...###)####)..##..
#.......)........†.


You could see a troll and an adder.

Vanquished Creatures
  Eustachio (D:3)
  An ice beast (D:5)
  2 black bears (D:5)
  3 ogres (D:5)
  A phantom (D:5)
  A scorpion (D:4)
  2 hounds
  2 jellies
  2 orc priests
  3 iguanas
  Terence (D:3)
  3 orc wizards
  A mummy (D:4)
  Robin (D:3)
  8 adders
  A shadow imp (D:5)
  An ufetubus (D:4)
  A worm (D:3)
  3 dart slugs
  23 orcs
  3 ball pythons
  5 bats
  9 endoplasms
  17 goblins
  15 hobgoblins
  A jackal (D:2)
  3 quokkas (D:2)
  6 frilled lizards
  8 kobolds
  4 rats
132 creatures vanquished.

Vanquished Creatures (others)
  A hobgoblin (D:3)
1 creature vanquished.

Grand Total: 133 creatures vanquished

Notes
Turn   | Place    | Note
-------+----------+-------------------------------------------
     0 | D:1      | Kurtz the Octopode Fighter began the quest for the Orb.
     0 | D:1      | Reached XP level 1. HP: 16/16 MP: 1/1
   138 | D:1      | Reached XP level 2. HP: 21/21 MP: 2/2
   288 | D:1      | Reached skill level 3 in Axes
   720 | D:2      | Reached XP level 3. HP: 26/26 MP: 3/3
  1031 | D:2      | Reached skill level 4 in Axes
  1198 | D:3      | Noticed Terence
  1210 | D:3      | Killed Terence
  1211 | D:3      | Reached XP level 4. HP: 18/31 MP: 4/4
  1283 | D:3      | Found a faded altar of an unknown god.
  1289 | D:3      | Reached skill level 5 in Axes
  1338 | D:3      | Found an iron altar of Okawaru.
  1358 | D:3      | Became a worshipper of Warmaster Okawaru
  1385 | D:3      | Reached XP level 5. HP: 36/36 MP: 5/5
  2032 | D:3      | Noticed Robin
  2066 | D:3      | Killed Robin
  2394 | D:4      | Noticed Eustachio
  2408 | D:3      | Killed Eustachio
  2408 | D:3      | Reached * piety under Okawaru
  2409 | D:3      | Reached skill level 6 in Axes
  2409 | D:3      | Reached skill level 1 in Invocations
  2409 | D:3      | Reached XP level 6. HP: 30/42 MP: 2/6
  2489 | D:4      | Found a broken altar of Ashenzari.
  2508 | D:4      | Found Raxeff's Jewellery Shoppe.
  2660 | D:4      | Reached skill level 7 in Axes
  2660 | D:4      | Reached XP level 7. HP: 41/46 MP: 2/8
  2877 | D:4      | Found a snail-covered altar of Cheibriados.
  3056 | D:4      | Found a staircase to the Ecumenical Temple.
  3237 | D:5      | Entered Level 5 of the Dungeon
  3341 | D:5      | Reached skill level 8 in Axes
  3716 | D:5      | HP: 2/46 [orc/+0 hand axe (3)]
  3992 | D:5      | Reached ** piety under Okawaru
  3993 | D:5      | Reached XP level 8. HP: 45/52 MP: 3/9
  4114 | D:5      | Reached skill level 9 in Axes
  4338 | D:5      | Found a shimmering blue altar of Sif Muna.
  4576 | D:6      | Noticed a troll
  4831 | D:6      | Slain by a troll

Illustrated notes

Levels and vault maps discovered:
D:1:      dpeg_arrival_line_fractal, layout_basic, st_stairs_12
D:2:      layout_rooms, minmay_nonomino_d4
D:3:      layout_loops_ring, okawaru_ov_weapons_minmay,
          shapermc_ecumenical_altar_flowoftime,
          minmay_fractal_squares_diagonal_5, uniq_terence, uniq_robin
D:4:      layout_rooms, slow_altar_2, nicolae_ashenzari_skybound,
          minmay_temple_entry_overgrown, serial_shops, shop, uniq_eustachio
D:5:      layout_cave_pools, amcnicky_altar_gilded, serial_column_ruins,
          column_ruins_square_large, column_ruins_columns_straight,
          column_ruins_columns_corner, column_ruins_grid_2,
          column_ruins_open_large
D:6:      layout_gridville, chequers_ossuary_entry_cave, serial_shops,
          nicolae_shop_tiny_glass

Skill      XL: |  1  2  3  4  5  6  7  8 |
---------------+-------------------------+-----
Axes           | 3 4 5 6 7 8 9 |  9.6
Invocations    | 1 2 3 |  3.0
Fighting       | |  3.7
Dodging        | |  3.8
Shields        | |  3.0

Action                     |  1- 3 |  4- 6 |  7- 9 || total
---------------------------+-------+-------+-------++-------
  Melee: War axe           |    74 |    61 |       ||   135
         Constrict         |    17 |    25 |    28 ||    70
         Tentacles         |    13 |    28 |    18 ||    59
         Punch             |     2 |     2 |     1 ||     5
         Mace              |       |    38 |    99 ||   137
  Throw: Javelin           |     2 |     5 |     5 ||    12
 Invoke: Heroism           |       |       |     2 ||     2
  Evoke: Wand              |       |     5 |    22 ||    27
    Use: Potion            |     1 |     1 |     2 ||     4
         Scroll            |       |       |     7 ||     7
   Stab: Sleeping          |     4 |     2 |     1 ||     7
 Armour: Skin              |    32 |    50 |    46 ||   128
  Dodge: Dodged            |    39 |    52 |    60 ||   151
  Block: Buckler           |    17 |    21 |    23 ||    61

Table legend: (Time is in decaauts)
 A = Elapsed time spent in this place.
 B = Non-inter-level travel time spent in this place.
 C = Inter-level travel time spent in this place.
 D = Time resting spent in this place.
 E = Time spent auto-exploring this place.
 F = Levels seen in this place.
 G = Mean time per level.
                   A        B        C        D        E       F      G
               +--------+--------+--------+--------+--------+-----+--------+
         Total |   4908 |   4781 |    127 |   1226 |   2306 |   6 |  818.0 |
       Dungeon |   4908 |   4781 |    127 |   1226 |   2306 |   6 |  818.0 |
               +--------+--------+--------+--------+--------+-----+--------+

Top non-repeatable levels by time:
     D:5: 1498 daAuts
     D:3: 1297 daAuts
     D:4: 826 daAuts
     D:1: 727 daAuts
     D:2: 469 daAuts
     D:6: 88 daAuts
